 Dungeon Crawl Stone Soup version 0.17-a0-670-g5d95ebd (webtiles) character file.

93 laxity the Changer (level 4, -5/38 HPs)
             Began as a Naga Transmuter on Apr 18, 2015.
             Slain by a gnoll
             ... wielding a +0 spear
              (8 damage)
             ... on level 3 of the Dungeon.
             The game lasted 00:04:09 (2784 turns).

laxity the Changer (Naga Transmuter)                Turns: 2784, Time: 00:04:09

Health: -5/38      AC:  3    Str: 13    XL:     4   Next: 61%
Magic:  2/7        EV: 10    Int: 14    God:
Gold:   152        SH:  0    Dex: 11    Spells: 2 memorised, 3 levels left

rFire  . . .     SeeInvis +       - Unarmed
rCold  . . .     Clarity  .     c - +1 robe
rNeg   . . .     SustAb   +     (no shield)
rPois  +         Gourm    .     (no helmet)
rElec  .         Spirit   .     (no cloak)
rCorr  .         Warding  .     (no gloves)
rMut   .         Stasis   .     (no barding)
MR     .....                    (no amulet)
Stlth  +.........               (no ring)
                                o - ring of sustain abilities

@: very slightly contaminated, very slow, not resistant to hostile enchantments,
very unstealthy
A: see invisible, deformed body, poison resistance, slowness 2, spit poison 2,
AC +1
a: Spit Poison


You were on level 3 of the Dungeon.
You were hungry.

You visited 1 branch of the dungeon, and saw 3 of its levels.

You collected 152 gold pieces.

Inventory:

Missiles
 b - 65 arrows
Armour
 c - a +1 robe (worn)
Jewellery
 o - a ring of sustain abilities (left hand)
Scrolls
 e - a scroll of enchant armour
 r - a scroll of identify
Potions
 h - 2 potions of curing {unknown}
 i - a potion of might
 j - 2 potions of heal wounds {unknown}
 l - a potion of brilliance {unknown}
 m - a potion of poison {unknown}
 n - a potion of resistance
 q - a potion of agility {unknown}
Books
 d - a book of Changes

   Spells                             Type                      Level
   a - Beastly Appendage              Transmutation                1
   b - Sticks to Snakes               Transmutation                2
   c - Spider Form                    Transmutation/Poison         3
   d - Ice Form                       Ice/Transmutation            4
   e - Blade Hands                    Transmutation                5
Comestibles
 a - 3 bread rations
 g - 2 meat rations
 k - a chunk of flesh
 p - 2 royal jellies


   Skills:
 - Level 1.0 Fighting
 - Level 1.5 Dodging
 - Level 3.0 Unarmed Combat
 - Level 2.0 Spellcasting
 + Level 4.6 Transmutations


You had 3 spell levels left.
You knew the following spells:

 Your Spells              Type           Power        Failure   Level  Hunger
a - Beastly Appendage     Trmt           ##....       3%          1    ##.....
b - Spider Form           Trmt/Pois      #.........   30%         3    ####...


Dungeon Overview and Level Annotations

Branches:
Dungeon (3/15)

Altars:
Ashenzari


Innate Abilities, Weirdness & Mutations

You cannot wear boots.
Your serpentine skin is tough (AC +1).
You have supernaturally acute eyesight.
Armour fits poorly on your strangely shaped body.
Your system is resistant to poisons.
You cover ground very slowly.
You can spit poison.


Message History

You hit the gnoll.
The gnoll is poisoned.
The gnoll is lightly wounded.
Your transformation has ended.
Your +1 robe unmelds from your body.
The gnoll barely misses you. The gnoll barely misses you.
The gnoll hits you with a spear!
* * * LOW HITPOINT WARNING * * *
Drink which item? (? for menu, Esc to quit)
Okay, then.
Unknown command.
Casting: Spider Form
Confirm with . or Enter, or press ? or * to list all spells.
You don't have enough magic to cast that spell.
Unknown command.
Read which item? (? for menu, Esc to quit)
As you read the scroll labeled RUPPUAKIBB, it crumbles to dust.
It is a scroll of recharging.
You aren't carrying any rechargeable items.
The gnoll closely misses you. The gnoll barely misses you.
The gnoll hits you with a spear!
You die...

#######..........#
#..........#
########..........# ##
..................# ..
.)..#.###....####.##.#
......#......#.......####
..PP..#.#...............#
...♣..#.#........######.#
.P....# #.#.[..#@##
.♣...........#.ggg#####.#
......#.#....###........#
.....................>...
..........##.###..(#..##
.....##... .........
.....# #......## .....#
#...#### ....... ##..#


You could see 3 gnolls.

Vanquished Creatures
  An iguana (D:3)
  A gnoll (D:3)
  2 adders (D:2)
  An ooze (D:3)
  A worm (D:3)
  A giant gecko (D:1)
  6 goblins
  5 hobgoblins
  5 kobolds
  4 bats
  A giant cockroach (D:1)
  5 giant newts
  6 rats
39 creatures vanquished.

Vanquished Creatures (others)
  A giant cockroach (D:3)
1 creature vanquished.

Grand Total: 40 creatures vanquished

Notes
Turn   | Place    | Note
--------------------------------------------------------------
     0 | D:1      | laxity, the Naga Transmuter, began the quest for the Orb.
     0 | D:1      | Reached XP level 1. HP: 18/18 MP: 3/3
   178 | D:1      | Found a shattered altar of Ashenzari.
   509 | D:1      | Reached XP level 2. HP: 16/25 MP: 3/5
  1562 | D:2      | Reached XP level 3. HP: 17/31 MP: 4/6
  1641 | D:2      | Learned a level 3 spell: Spider Form
  2364 | D:2      | Reached skill level 4 in Transmutations
  2614 | D:3      | Reached XP level 4. HP: 28/38 MP: 3/7
  2784 | D:3      | Slain by a gnoll

Action                   |  1- 3 |  4- 6 || total
-------------------------+-------+-------++-------
Melee: Unarmed           |   106 |     9 ||   115
 Cast: Beastly Appendage |    13 |       ||    13
       Spider Form       |     7 |     1 ||     8
  Use: Scroll            |     4 |     1 ||     5
  Eat: Chunk             |     7 |       ||     7
